 Dungeon Crawl Stone Soup version 0.27.1-1-g398f81649c (webtiles) character file.

Game seed: 16658928699494447371

144 rase the Chopper (level 5, 0/46 HPs)
             Began as a Minotaur Fighter on Sept 13, 2021.
             Succumbed to an orc's poison
             ... on level 3 of the Dungeon on Sept 14, 2021.
             The game lasted 00:06:49 (2448 turns).

rase the Chopper (Minotaur Fighter)                 Turns: 2448, Time: 00:06:49

Health: 0/46       AC: 10    Str: 22    XL:     5   Next: 5%
Magic:  4/4        EV:  8    Int:  5    God:
Gold:   80         SH:  9    Dex:  9    Spells: 4/4 levels left

rFire    + . .     SeeInvis .   a - +0 war axe
rCold    x . .     Faith    .   c - +0 kite shield
rNeg     . . .     Spirit   .   b - +0 scale mail
rPois    .         Reflect  .   (helmet restricted)
rElec    .         Harm     .   (no cloak)
rCorr    .         Rampage  .   k - +1 pair of gloves
Will     +....                  m - +0 pair of boots
Stlth    ..........             (no amulet)
HPRegen  0.15/turn              g - ring of fire
MPRegen  0.09/turn              p - ring of willpower

@: mighty, lethally poisoned (0 -> -7), hasted, very quick
A: horns 2, retaliatory headbutt
a: no special abilities


You were on level 3 of the Dungeon.
You visited 1 branch of the dungeon, and saw 3 of its levels.

You collected 80 gold pieces.

Inventory:

Hand Weapons
 a - a +0 war axe (weapon)
Armour
 b - a +0 scale mail (worn)
 c - a +0 kite shield (worn)
 k - a +1 pair of gloves (worn)
 m - a +0 pair of boots (worn)
Jewellery
 g - a ring of fire (left hand)
 n - a ring of ice
 p - a ring of willpower (right hand)
Scrolls
 e - 3 scrolls of identify {unknown}
 f - a scroll of acquirement {unknown}
 j - a scroll of fear {unknown}
 q - a scroll of blinking {unknown}
Potions
 i - a potion of lignification {unknown}
 l - a potion of berserk rage {unknown}
 o - a potion of curing {unknown}


   Skills:
 + Level 4.1 Fighting
 + Level 4.8 Axes
 + Level 4.1 Armour
 + Level 1.0 Dodging
 + Level 4.5 Shields


You had 4 spell levels left.
You didn't know any spells.
Your spell library was empty.

Dungeon Overview and Level Annotations

Branches:
Dungeon (3/15)

Altars:
Ashenzari
Gozag

Shops:
D:2 *


Innate Abilities, Weirdness & Mutations

You have a pair of horns on your head.
You reflexively headbutt those who attack you in melee.


Message History

Terence completely misses you. You furiously retaliate!
You headbutt Terence!
You kill Terence!
The rat bites you but does no damage.
You have reached level 5!
The orc barely misses you.
You closely miss the rat. You completely miss the orc.
The orc hits you but does no damage.
You are poisoned.
The rat barely misses you. The orc hits you but does no damage.
You are more poisoned.
You feel very sick. You block the orc's attack.
You barely miss the orc. Your headbutt misses the orc.
Your shield prevents you from hitting the rat.
You feel very sick. The orc hits you but does no damage.
The rat bites you but does no damage.
You feel very mighty all of a sudden.
You feel sick. The orc hits you but does no damage.
You are lethally poisoned!
The rat barely misses you. You furiously retaliate!
You headbutt the rat!
You kill the rat!
You slash the orc!
You kill the orc!
You hit the hobgoblin.
* * * LOW HITPOINT WARNING * * *
You feel very sick.
An orc comes into view. It is wielding a +0 short sword.
You block the hobgoblin's attack.
An orc wizard opens the door.
An orc comes into view. It is wielding a +0 dagger.
You block the hobgoblin's attack.
The orc shouts! x2
You slash the hobgoblin!
You kill the hobgoblin!
* * * LOW HITPOINT WARNING * * *
You feel very sick. The orc wizard casts a spell at you.
The puff of flame hits you. You resist.
* * * LOW HITPOINT WARNING * * *
It was a potion of haste.
You feel yourself speed up.
You die...

#+# # #). .#
#.###.#
#...o.#o.
+.._..o..
#@)...# #†###.#
#.....#
##)###+#
######..##
#......#.# ###
#......#.##....
#......#...$...
#..............


You could see an orc wizard and 2 orcs.

Vanquished Creatures
  Terence (D:3)
  3 gnolls (D:2)
  3 adders (D:2)
  A worm (D:2)
  3 dart slugs
  An orc (D:3)
  5 ball pythons
  8 endoplasms
  2 giant cockroaches
  4 goblins
  5 hobgoblins
  4 kobolds
  A quokka (D:2)
  4 bats
  3 frilled lizards
  4 rats
52 creatures vanquished.

Vanquished Creatures (others)
  A plant (D:2)
1 creature vanquished.

Grand Total: 53 creatures vanquished

Notes
Turn   | Place    | Note
-------+----------+-------------------------------------------
     0 | D:1      | rase the Minotaur Fighter began the quest for the Orb.
     0 | D:1      | Reached XP level 1. HP: 19/19 MP: 0/0
   169 | D:1      | Reached XP level 2. HP: 11/27 MP: 1/1
   993 | D:2      | Reached XP level 3. HP: 33/33 MP: 2/2
  1514 | D:2      | Reached XP level 4. HP: 40/40 MP: 3/3
  1588 | D:2      | Found an opulent altar of Gozag.
  1635 | D:2      | Found Hoigaaro's Assorted Antiques.
  1741 | D:2      | Reached skill level 1 in Dodging
  2075 | D:2      | Found a faded altar of an unknown god.
  2421 | D:3      | Noticed Terence
  2433 | D:3      | Found a broken altar of Ashenzari.
  2440 | D:3      | Killed Terence
  2441 | D:3      | Reached XP level 5. HP: 18/46 MP: 4/4
  2447 | D:3      | HP: 2/46 [orc wizard/puff of flame (1)]
  2448 | D:3      | Succumbed to an orc's poison

Illustrated notes

Levels and vault maps discovered:
D:1:      beargit_arrival_greenhouse, layout_loops_cross, kennysheep_boxes
D:2:      layout_basic, basic_altar, serial_shops,
          nicolae_shop_overgrown_old_shop, ebering_ecumenical_altar_webs,
          kennysheep_path_1
D:3:      layout_basic, mainiacjoe_overflow_six_doors_small, bloody_makhleb,
          serial_park_tiny_1, uniq_terence

Skill      XL: |  1  2  3  4 |
---------------+-------------+-----
Axes           | 3 4 |  4.8
Fighting       | 4 |  4.1
Shields        | 4 |  4.5
Armour         | 4 |  4.1
Dodging        | 1 |  1.0

Action                   |  1- 3 |  4- 6 || total
-------------------------+-------+-------++-------
Melee: War axe           |    74 |    48 ||   122
       Headbutt          |    10 |     6 ||    16
  Use: Potion            |       |     2 ||     2
Armor: Scale mail        |    27 |    27 ||    54
Dodge: Dodged            |    20 |    18 ||    38
Block: Kite shield       |    46 |    24 ||    70
